 Dungeon Crawl Stone Soup version 0.30.1-4-g462c640d31 (webtiles) character file.

Game seed: 13072618682390934734

48 Grimby the Trooper (level 3, -3/30 HPs)
             Began as a Demonspawn Cinder Acolyte on Aug 26, 2023.
             Was a High Priest of Ignis.
             Slain by Terence
             ... wielding a +0 flail
              (5 damage)
             ... on level 2 of the Dungeon.
             The game lasted 00:11:11 (1901 turns).

Grimby the Trooper (Demonspawn Cinder Acolyte)      Turns: 1901, Time: 00:11:12

Health: -3/30      AC:  6    Str: 12 (14) XL:     3   Next: 50%
Magic:  1/5        EV: 10    Int: 15 (17) God:    Ignis [*****.]
Gold:   183        SH:  0    Dex:  7 (8)  Spells: 2/4 levels left

rFire   + . .        a - +0 hand axe (flame)
rCold   . . .        (no shield)
rNeg    . . .        o - +0 ring mail
rPois   .            (no helmet)
rElec   .            n - +0 cloak
rCorr   .            (no gloves)
SInv    .            (no boots)
Will    .....        (no amulet) Stlth
                     (no ring)
HPRegen 0.25/turn    (no ring)
MPRegen 0.09/turn

%: no passive effects
@: no status effects
A: powered by death 1
a: Renounce Religion, Fiery Armour, Foxfire Swarm, Rising Flame


You were on level 2 of the Dungeon.
You worshipped Ignis.
Ignis was extremely pleased with you.
You visited 1 branch of the dungeon, and saw 2 of its levels.

You collected 183 gold pieces.

Inventory:

Hand Weapons
 a - a +0 hand axe of flaming (weapon)
Armour
 b - a +0 robe
 n - a +0 cloak (worn)
 o - a +0 ring mail (worn)
Magical Staves
 f - a staff of air
 g - a staff of conjuration
Jewellery
 i - a ring of poison resistance
Scrolls
 c - a scroll of silence
 e - 2 scrolls of identify
 h - a scroll of immolation
 m - 2 scrolls of teleportation
Potions
 d - a potion of degeneration
 j - a potion of heal wounds {unknown}
 k - 2 potions of flight {unknown}
 l - a potion of brilliance {unknown}


   Skills:
 * Level 4.3 Fighting
 - Level 2.7 Axes
 * Level 1.3 Spellcasting
 - Level 2.7 Fire Magic


You had 2 spell levels left.
You knew the following spells:

 Your Spells              Type           Power      Damage    Failure   Level
a - Scorch                Fire           18%        2d5       26%         2

Your spell library contained the following spells:

 Spells                   Type           Power      Damage    Failure   Level
 Blink                    Tloc           2%         N/A       63%         2
 Lesser Beckoning         Tloc           2%         N/A       63%         2
 Momentum Strike          Conj/Tloc      2%         3d8       63%         2


Dungeon Overview and Level Annotations

Branches:
Dungeon (2/15)

Altars:

Annotations:
D:2 Terence


Innate Abilities, Weirdness & Mutations

You regenerate a little health from kills.


Message History

You hit Terence but do no damage. Terence hits you with a +0 flail.
Your magical contamination has completely faded away.
You hit Terence. You burn Terence.
Terence is moderately wounded.
Terence closely misses you.
Flames lash Terence.
Terence is heavily wounded.
Terence's fire resistance burns away.
Terence barely misses you.
You hit Terence. You burn Terence.
Terence is heavily wounded.
Terence says, "Time to say good-bye..."
Terence hits you with a +0 flail.
You barely miss Terence.
Terence is heavily wounded.
Terence closely misses you. x2
You barely miss Terence.
Terence is heavily wounded.
Terence is no longer more vulnerable to fire.
Terence hits you but does no damage.
You hit Terence but do no damage.
Terence is heavily wounded.
Terence barely misses you.
You hit Terence but do no damage.
Terence is heavily wounded.
Terence hits you with a +0 flail.
You hit Terence but do no damage.
Terence is heavily wounded.
Terence hits you with a +0 flail! Terence attacks as you move away!
Terence hits you with a +0 flail.
* * * LOW HITPOINT WARNING * * *
Terence says, "Don't bother to defend, it's useless."
Terence attacks as you move away! Terence closely misses you.
Terence attacks as you move away! Terence hits you with a +0 flail!
* * * LOW HITPOINT WARNING * * *
Terence says, "Don't bother to defend, it's pointless."
It was a potion of degeneration.
There was something very wrong with that liquid.
You feel weakened.
You feel dopey.
You feel clumsy. Terence hits you with a +0 flail.
You die...

#...## #.#.###.# ##...#
#.#.###.# # #...##
#.#.....# ## #...#
#.####### #. ####...## #.#
#. #..>....#####.# #.
#.#####.......# ##. #
#.#####.# ##.. # #####@###
#.# #####...
#.#...@...###.###.(.....
###.#.###.#.........###...
#......##.####...#### ##..
#.#.#..##......... ##.
#.......####...## #.
###<.#...# ##.## #.
.........# #.# .
....##.##..# #.#


You could see Terence.

Vanquished Creatures
  A worm (D:2)
  3 endoplasms
  2 giant cockroaches
  4 goblins (D:1)
  6 hobgoblins
  7 kobolds
  8 ball pythons
  4 bats
  A frilled lizard (D:2)
  5 rats
41 creatures vanquished.

Notes
Turn   | Place    | Note
-------+----------+-------------------------------------------
     0 | D:1      | Grimby the Demonspawn Cinder Acolyte began the quest for
                  | the Orb.
     0 | D:1      | Reached XP level 1. HP: 18/18 MP: 2/2
   196 | D:1      | Gained mutation: You regenerate a little health from kills.
                  | [demonic ancestry]
   196 | D:1      | Reached XP level 2. HP: 22/24 MP: 3/3
   281 | D:1      | Learned a level 2 spell: Scorch
   708 | D:1      | Reached skill level 4 in Fighting
  1076 | D:2      | Reached XP level 3. HP: 30/30 MP: 1/4
  1879 | D:2      | Noticed Terence
  1901 | D:2      | Slain by Terence

Illustrated notes

Levels and vault maps discovered:
D:1:      minmay_arrival_jagged, layout_loops_ring, minmay_pentomino_q4
D:2:      layout_loops_corners, eino_curves_02, dreamdust_princess_corridor,
          hangedman_decor_clover_reticule, serial_bayou_pond_a,
          ebering_dispersal_statue_hall, kennysheep_decorative_pillar,
          minmay_three_crescents, uniq_robin, uniq_terence

Skill      XL: |  1  2 |
---------------+-------+-----
Fighting       | 4 |  4.3
Axes           | |  2.7
Spellcasting   | |  1.3
Fire Magic     | |  2.7

Action                     || total
---------------------------++-------
  Melee: Hand axe          ||    94
         Punch             ||     1
   Cast: Scorch            ||    21
    Use: Scroll            ||     6
         Potion            ||     1
 Armour: Robe              ||    22
         Ring mail         ||     3
  Dodge: Dodged            ||    58
